 Dungeon Crawl Stone Soup version 0.29.1-15-g9cfb28693d (webtiles) character file.

Game seed: 17960722038802973942

5723 EarthwalkerPL the Protected (level 10, -3/94 HPs)
             Began as a Minotaur Fighter on Apr 24, 2023.
             Was a Believer of Okawaru.
             Succumbed to an ogre zombie's poison
             ... on level 4 of the Dungeon.
             The game lasted 00:16:56 (11318 turns).

EarthwalkerPL the Protected (Minotaur Fighter)     Turns: 11318, Time: 00:16:57

Health: -3/94      AC: 10    Str: 31    XL:     10   Next: 48%
Magic:  9/9        EV: 10    Int:  5    God:    Okawaru [**....]
Gold:   618        SH:  5    Dex: 10    Spells: 9/9 levels left

rFire   + . .      SeeInvis .   g - +0 war axe (flame)
rCold   . . .      Faith    .   c - +0 buckler
rNeg    . . .      Spirit   .   t - +0 scale mail {rF+}
rPois   .          Reflect  .   (helmet restricted)
rElec   .          Harm     .   (no cloak)
rCorr   .          Rampage  .   (no gloves)
Will    .....                   w - +0 pair of boots
Stlth   ..........              O - amulet of regeneration
HPRegen 1.05/turn               M - +6 ring of strength
MPRegen 0.11/turn               (no ring)

@: lethally poisoned (-3 -> -21)
A: horns 2, retaliatory headbutt
a: Renounce Religion, Heroism


You were on level 4 of the Dungeon.
You worshipped Okawaru.
Okawaru was pleased with you.
You visited 2 branches of the dungeon, and saw 10 of its levels.
You also visited: Ossuary.

You collected 618 gold pieces.

Inventory:

Hand Weapons
 a - a +0 war axe
 g - a +0 war axe of flaming (weapon)
Missiles
 j - 22 poisoned darts (quivered)
 u - 6 javelins
Armour
 b - a +0 scale mail
 c - a +0 buckler (worn)
 t - a +0 scale mail of fire resistance (worn)
 w - a +0 pair of boots (worn)
Jewellery
 K - a ring of fire
 M - a +6 ring of strength (left hand)
 O - an amulet of regeneration (around neck)
 Q - a ring of magical power
Wands
 E - a wand of digging (1)
 N - a wand of iceblast (4)
Scrolls
 h - 5 scrolls of noise
 k - 2 scrolls of enchant armour
 m - a scroll of enchant weapon
 p - a scroll of fog
 q - 3 scrolls of amnesia
 s - 6 scrolls of teleportation
 y - 3 scrolls of poison
 A - a scroll of torment
 B - a scroll of summoning
 C - 3 scrolls of vulnerability
 F - a scroll of identify
 G - 2 scrolls of blinking
 I - a scroll of magic mapping
 P - a scroll of brand weapon {unknown}
Potions
 d - 2 potions of might
 e - 5 potions of curing {unknown}
 f - a potion of lignification {unknown}
 i - 5 potions of degeneration {unknown}
 l - 2 potions of berserk rage {unknown}
 n - 2 potions of mutation {unknown}
 o - 2 potions of magic {unknown}
 r - 2 potions of brilliance {unknown}
 v - 2 potions of invisibility {unknown}
 x - a potion of haste
 z - a potion of flight {unknown}
 D - 3 potions of heal wounds {unknown}
 H - 2 potions of resistance
 J - a potion of ambrosia {unknown}
 L - a potion of attraction {unknown}


   Skills:
 * Level 10.7 Fighting
 * Level 10.3 Axes
 * Level 10.8 Armour
 + Level 8.1 Shields


You had 9 spell levels left.
You didn't know any spells.
Your spell library contained the following spells:

 Spells                   Type           Power      Damage    Failure   Level
 Foxfire                  Conj/Fire      0%         2x1d4     75%         1
 Magic Dart               Conj           0%         1d3       75%         1
 Static Discharge         Conj/Air       0%         3-3/arc   87%         2
 Anguish                  Hex/Necr       0%         N/A       100%        4
 Passage of Golubria      Tloc           0%         N/A       100%        4
 Silence                  Hex/Air        0%         N/A       100%        5
 Enfeeble                 Hex            0%         N/A       100%        7
 Lehudib's Crystal Spear  Conj/Erth      0%         10d2      100%        8


Dungeon Overview and Level Annotations

Branches:
Dungeon (9/15)             Temple (1/1) D:7         Ossuary (visited)
   Lair: D:8-11         Orc: D:9-12

Altars:
Ashenzari
Dithmenos
Elyvilon
Fedhas
Gozag
Hepliaklqana
Kikubaaqudgha
Makhleb
Nemelex Xobeh
Okawaru
Qazlal
Ru
Sif Muna
Trog
Uskayaw
Vehumet
Wu Jian
Xom
Yredelemnul
Zin
The Shining One

Shops:
D:5 ![*

Annotations:
D:7 exclusion: statue


Innate Abilities, Weirdness & Mutations

You have a pair of horns on your head.
You reflexively headbutt those who attack you in melee.


Message History

You feel very sick.
You block the orc warrior zombie's attack.
You feel very sick.
The ogre zombie hits you with a +0 giant spiked club of venom!
You are more poisoned.
You block the orc warrior zombie's attack.
You see here a ring of magical power.
Q - a ring of magical power You feel very sick.
The gnoll sergeant zombie hits you from afar with a +2 spear of venom.
You feel very sick.
There is a transporter here.
You slash the orc warrior zombie! You burn the orc warrior zombie.
You headbutt the orc warrior zombie!
The orc warrior zombie is severely damaged.
You slash the ogre zombie! You burn the ogre zombie.
You feel very sick.
The orc warrior zombie hits you with a +0 flail of venom!
You are more poisoned.
The ogre zombie closely misses you.
You are too injured to fight recklessly!
Unknown command.
You hit the orc warrior zombie. You burn the orc warrior zombie.
You headbutt the orc warrior zombie!
You destroy the orc warrior zombie!
Okawaru accepts your kill.
You slash the ogre zombie! You burn the ogre zombie.
You feel very sick.
The gnoll sergeant zombie hits you from afar with a +2 spear of venom.
You are too injured to fight recklessly!
You hit the ogre zombie. You burn the ogre zombie.
You headbutt the ogre zombie.
The ogre zombie is almost destroyed.
You feel very sick. The gnoll sergeant zombie misses you.
The ogre zombie hits you with a +0 giant spiked club of venom!!
* * * LOW HITPOINT WARNING * * *
You are more poisoned.
You enter the transporter and appear at another place.
You die...

#.##.##.....<..#.......#
#.##.##.###.######...###
#.##........## #...#
#.##.##......# ##.##
#.##.##.####.# #.#
#.......####.######.# ###
######..................# ##.####
.....(.#.##.#.#...#########......
.####..#.##.#.#.@Z###........####
......>#...###########..........#
.##......###○°°$§?°☼○#.......##.#
###....#.###○.°$)$°°°#.....÷.##.#
# #........#.°°.Z....#..........#
###....#.###°○○○..○°○#.......##.#
..#..#.#.# #○°.°☼.○°.#..........#
.........######°'°######....>...#
.....#.#....#○......#..#..##.##.#


You could see a gnoll sergeant zombie and an ogre zombie.

Vanquished Creatures
  A manticore (D:9)
  Joseph (D:7)
  The ghost of Sensen the Cleaver, a novice MiBe of Trog (D:4)
  A troll (D:8)
  A wyvern (D:7)
  A ynoxinul (D:8)
  3 steam dragons
  An acid dragon (D:8)
  4 water moccasins
  2 ice beasts
  A black bear (D:7)
  A sky beast (D:6)
  2 orc warriors (D:9)
  2 ogres
  4 centaurs
  A kobold brigand (D:8)
  A necrophage (D:6)
  3 bullfrogs
  3 scorpions
  A gnoll sergeant (D:7)
  10 wights
  3 howler monkeys
  2 centaur zombies (Ossuary)
  A human zombie (Ossuary)
  7 orc priests
  A hound (D:5)
  A jelly (D:5)
  An iguana (D:6)
  7 orc wizards
  3 ogre zombies (Ossuary)
  A hound skeleton (D:6)
  7 mummies (Ossuary)
  6 gnolls
  12 adders
  2 river rats (D:4)
  3 white imps
  An ufetubus (D:6)
  3 adder zombies (Ossuary)
  A worm (D:2)
  4 dart slugs
  22 orcs
  5 ball pythons
  5 endoplasms
  3 giant cockroaches
  5 goblins
  10 hobgoblins
  3 quokkas
  6 bats
  A frilled lizard (D:2)
  2 goblin zombies (Ossuary)
  4 hobgoblin zombies (Ossuary)
  13 kobolds
  6 kobold zombies (Ossuary)
  3 orc zombies
  4 quokka zombies (Ossuary)
  9 rats
  3 rat zombies (Ossuary)
215 creatures vanquished.

Vanquished Creatures (others)
  A kobold (D:8)
1 creature vanquished.

Grand Total: 216 creatures vanquished

Notes
Turn   | Place    | Note
-------+----------+-------------------------------------------
     0 | D:1      | EarthwalkerPL the Minotaur Fighter began the quest for the
                  | Orb.
     0 | D:1      | Reached XP level 1. HP: 19/19 MP: 0/0
    84 | D:1      | Reached XP level 2. HP: 27/27 MP: 1/1
   287 | D:1      | Found a faded altar of an unknown god.
   655 | D:1      | Reached XP level 3. HP: 33/33 MP: 2/2
  1517 | D:2      | Reached XP level 4. HP: 41/41 MP: 3/3
  1746 | D:3      | Found an ancient bone altar of Kikubaaqudgha.
  2278 | D:3      | Found a broken altar of Ashenzari.
  2353 | D:4      | Found a runed translucent door.
  2353 | D:4      | Noticed a bullfrog
  2353 | D:4      | Noticed Sensen's ghost (novice MiBe)
  2375 | D:4      | Reached XP level 5. HP: 35/47 MP: 4/4
  2684 | D:5      | Entered Level 5 of the Dungeon
  2684 | D:5      | Found a stormy altar of Qazlal.
  2693 | D:5      | Noticed a water moccasin
  2697 | D:5      | Reached skill level 5 in Armour
  2704 | D:5      | Killed a water moccasin
  2705 | D:5      | Reached skill level 5 in Fighting
  2851 | D:5      | Reached XP level 6. HP: 33/56 MP: 5/5
  3028 | D:5      | Reached skill level 5 in Axes
  3209 | D:5      | Found a glowing silver altar of Zin.
  3380 | D:5      | Found Echoih's General Store.
  3481 | D:4      | Reached skill level 5 in Shields
  3481 | D:4      | Reached XP level 7. HP: 50/63 MP: 6/6
  3652 | D:4      | Found a transporter.
  3948 | D:5      | Found Koxzarag's Distillery.
  4015 | D:5      | Found Vibom's Armour Shoppe.
  4621 | D:6      | Reached XP level 8. HP: 38/71 MP: 7/7
  4992 | D:6      | Found an opulent altar of Gozag.
  5036 | D:6      | Found a burning altar of Makhleb.
  5917 | D:7      | Found a staircase to the Ecumenical Temple.
  5922 | D:7      | Noticed Joseph
  5926 | Temple   | Entered the Ecumenical Temple
  6593 | D:7      | Killed Joseph
  6594 | D:7      | Reached XP level 9. HP: 10/82 MP: 8/8
  7055 | D:7      | Found a radiant altar of Vehumet.
  7056 | D:7      | Found an iron altar of Okawaru.
  7065 | D:7      | Became a worshipper of Warmaster Okawaru
  8056 | D:8      | Found a shimmering blue altar of Sif Muna.
  8060 | D:8      | Noticed a troll
  8063 | D:8      | Got Sif Muna's Almanac of Combat Magic
  8068 | D:8      | Found a bloodstained altar of Trog.
  8080 | D:8      | Killed a troll
  8080 | D:8      | Reached * piety under Okawaru
  8130 | D:8      | Found a sand-covered staircase.
  8205 | Ossuary  | Entered an ossuary
  8792 | D:8      | Reached skill level 10 in Armour
  8802 | D:8      | Reached skill level 10 in Fighting
  8802 | D:8      | Reached XP level 10. HP: 55/93 MP: 9/9
  9486 | D:9      | Reached ** piety under Okawaru
  9693 | D:9      | Noticed a manticore
  9704 | D:9      | Killed a manticore
 10095 | D:9      | Reached skill level 10 in Axes
 10612 | D:9      | Found a hazy altar of Hepliaklqana.
 10918 | D:4      | Killed Sensen's ghost
 11114 | D:4      | Found a runed translucent door.
 11153 | D:4      | Found a transporter.
 11317 | D:4      | HP: 2/94 [ogre zombie/+0 giant spiked club of venom (26)]
 11318 | D:4      | Succumbed to an ogre zombie's poison

Illustrated notes

Levels and vault maps discovered:
D:1:      lemuel_arrival_river_ford, layout_loops_ring, basic_ecumenical_altar,
          corexii_hall_statues_s
D:2:      layout_basic
D:3:      layout_loops_cross, nicolae_kikubaaqudgha_miasma_corner,
          ashenzari_altar_1, grunt_ministairs_14
D:4:      gammafunk_cloud_chamber, layout_loops_cross, ebering_ghost_sewer_f
D:5:      layout_cave_pools, mainiacjoe_overflow_tiny_flanked, zin_academy,
          serial_shops, kennysheep_mini_moat, nicolae_inconvenience_store, shop
D:6:      layout_cave_pools, makhleb_blood_cavern_becter, grunt_gozag_statues
D:7:      layout_basic, vehumet_statue, mainiacjoe_overflow_cross_hatched,
          minmay_temple_entry_stoned_glass, minmay_holes, uniq_joseph
D:8:      nicolae_cairo_tiling_very_big, layout_gridville,
          nzn_overflow_gifts_of_might_and_magic, enter_ossuary_1
D:9:      layout_long_grid, lemuel_coloured_pillars_altar,
          wad_floor_pattern_untrapped
Temple:   hellmonk_temple_flake

Skill      XL: |  1  2  3  4  5  6  7  8  9 10 |
---------------+-------------------------------+-----
Fighting       | 4 5 6 8 10 | 10.7
Armour         | 4 5 6 7 8 10 | 10.8
Axes           | 3 4 5 6 8 9 10 | 10.3
Shields        | 4 5 6 7 8 |  8.1

Action                   |  1- 3 |  4- 6 |  7- 9 | 10-12 || total
-------------------------+-------+-------+-------+-------++-------
Melee: War axe           |    77 |   108 |   278 |    96 ||   559
       Headbutt          |    16 |    12 |    56 |    18 ||   102
Throw: Dart              |       |       |    19 |     5 ||    24
  Use: Scroll            |       |       |     9 |     3 ||    12
Armor: Scale mail        |    28 |    52 |    96 |    30 ||   206
Dodge: Dodged            |    29 |    49 |   117 |    42 ||   237
Block: Buckler           |    22 |    28 |    53 |    20 ||   123
